 Dungeon Crawl Stone Soup version 0.31-a0-968-g24f9ace8b5 (webtiles) character file.

Game seed: 12524503377419995716

176 jasper the Magician (level 5, -12/31 HPs)
             Began as a Deep Elf Chaos Knight on Oct 27, 2023.
             Was a Plaything of Xom.
             Killed by divine providence
             ... invoked by an orc priest
              (14 damage)
             ... on level 4 of the Dungeon.
             The game lasted 00:06:54 (3627 turns).

jasper the Magician (Deep Elf Chaos Knight)         Turns: 3627, Time: 00:06:54

Health: -12/31     AC:  6    Str:  9    XL:     5   Next: 30%
Magic:  2/12       EV: 12    Int: 19    God:    Xom [..*...]
Gold:   165        SH:  0    Dex: 14    Spells: 6/11 levels left

rFire   + . .        l - staff of fire
rCold   . . .        (no shield)
rNeg    . . .        b - +2 leather armour
rPois   .            s - +0 helmet
rElec   .            (no cloak)
rCorr   .            (no gloves)
SInv    .            (no boots)
Will    .....        (no amulet)
Stlth   +            f - ring of wizardry
HPRegen 0.25/turn    (no ring)
MPRegen 0.13/turn

%: wizardry (x1)
@: very slightly contaminated
A: no striking features
a: Renounce Religion


You were on level 4 of the Dungeon.
You worshipped Xom.
You were a toy of Xom.
You visited 1 branch of the dungeon, and saw 4 of its levels.

You collected 165 gold pieces.

Inventory:

Hand Weapons
 a - a +1 spear of chaos
 k - a +0 whip of draining
Armour
 b - a +2 leather armour (worn)
 s - a +0 helmet (worn)
Magical Staves
 l - a staff of fire (weapon)
Jewellery
 f - a ring of wizardry (left hand)
 n - an amulet of faith
Talismans
 d - a storm talisman
Wands
 m - a wand of flame (9)
Scrolls
 p - 2 scrolls of enchant weapon
 r - a scroll of identify
Potions
 c - a potion of attraction {unknown}
 g - a potion of cancellation
 h - 3 potions of heal wounds {unknown}
 i - a potion of magic {unknown}
 j - a potion of mutation {unknown}
 o - 3 potions of curing
 q - a potion of might


   Skills:
 - Level 2.6 Fighting
 - Level 2.1 Polearms
 - Level 0.7 Armour
 - Level 2.8 Dodging
 + Level 3.8 Spellcasting
 + Level 2.7 Conjurations
 + Level 2.6 Fire Magic


You had 6 spell levels left.
You knew the following spells:

 Your Spells              Type           Power      Damage    Failure   Level
a - Foxfire               Conj/Fire      80%        2x1d8     2%          1
b - Magic Dart            Conj           56%        1d5       2%          1
c - Mephitic Cloud        Conj/Pois/Air  7%         N/A       16%         3

Your spell library contained the following spells:

 Spells                   Type           Power      Damage    Failure   Level
 Call Imp                 Summ           6%         N/A       12%         2
 Brom's Barrelling Bould  Conj/Erth      8%         2d3       38%         4
 Fireball                 Conj/Fire      10%        3d6       52%         5
 Iskenderun's Battlesphe  Conj           14%        2d7       52%         5
 Starburst                Conj/Fire      10%        6d5       97%         6
 Conjure Ball Lightning   Conj/Air       4%         3x3d6     99%         6
 Plasma Beam              Fire/Air       6%         2x1d16    99%         6
 Orb of Destruction       Conj           7%         9d6       100%        7


Dungeon Overview and Level Annotations

Branches:
Dungeon (4/15)
 Temple: D:4-7

Altars:
Elyvilon
Uskayaw
Yredelemnul


Message History

The orc is heavily wounded.
The orc priest looks satisfied for a moment.
The orc closely misses you.
Aiming: Throw Flame
Press: ? - help, Shift-Dir - straight line, f/p - orc priest
Aim: an orc priest, wielding a +0 trident and wearing a +0 leather armour (moderately wounded, 68% to hit)
The puff of flame hits the orc.
You kill the orc!
The orc priest hits you but does no damage.
Aiming: Throw Flame
Press: ? - help, Shift-Dir - straight line, f/p - orc priest
Aim: an orc priest, wielding a +0 trident and wearing a +0 leather armour (moderately wounded, 68% to hit)
The puff of flame hits the orc priest.
The orc priest is heavily wounded.
The orc priest barely misses you.
Casting: Foxfire (safe; 2% risk of failure)
Confirm with . or Enter, or press ? or * to list all spells.
You feel a surge of power!
You miscast Foxfire.
You are very lightly contaminated with residual magic.
Nothing appears to happen.
The orc priest misses you.
You now have 4/12 mp.
Casting: Foxfire (safe; 2% risk of failure)
Confirm with . or Enter, or press ? or * to list all spells.
You feel a surge of power!
You conjure some foxfire!
The orc priest hits you from afar with a +0 trident.
You take 3 damage, and have 14/31 hp.
You now have 3/12 mp.
Your foxfire dissipates!
The foxfire hits the orc priest.
The orc priest is heavily wounded.
The orc priest calls down the wrath of Beogh upon you.
Beogh smites you!
* * * LOW HITPOINT WARNING * * *
You take 12 damage, and have 2/31 hp.
MASSIVE DAMAGE!!
Casting: Foxfire (safe; 2% risk of failure)
Confirm with . or Enter, or press ? or * to list all spells.
You feel a surge of power!
You conjure some foxfire!
The orc priest invokes the aid of Beogh against you.
Beogh smites you!
You die...
Xom is highly amused!

..... #.#......## ...##
#.#.......# ######..#
#.#...†...#.. .....##.##
#.#.)...?.... ## #.......#
#.###g#.#...# #. #.....†.# #.#
#o#.#..## ####.
#.......###.###)#.. ## ##.##.
##.####.......#v#### ##..##. #.#
#####.#.#@# #####...##.
###.########+#.#v# #..##......
...............#.######........#.
###.#######..........##..........
#.# #....#.###....>...####.
###.#### #....#.# ####......#...
.......# #....#+######.####.....
###....########....#.......+.....
#.................#.......#.....


You could see an orc priest (ally target) and a hobgoblin.

Vanquished Creatures
  An orc priest (D:4)
  5 adders
  A worm (D:4)
  A dart slug (D:1)
  4 orcs
  6 bats
  10 endoplasms
  4 giant cockroaches
  6 goblins
  6 hobgoblins
  7 jackals
  9 kobolds
  3 quokkas
  8 ball pythons
  6 frilled lizards
  A giant cockroach zombie (D:3)
  A jackal zombie (D:3)
  9 rats
88 creatures vanquished.

Vanquished Creatures (others)
  130 foxfires
130 creatures vanquished.

Grand Total: 218 creatures vanquished

Notes
Turn   | Place    | Note
-------+----------+-------------------------------------------
     0 | D:1      | jasper the Deep Elf Chaos Knight began the quest for the
                  | Orb.
     0 | D:1      | Reached XP level 1. HP: 13/13 MP: 3/3
   163 | D:1      | XOM: silly message
   192 | D:1      | XOM: divination: detect creatures
   278 | D:1      | Reached skill level 1 in Spellcasting
   278 | D:1      | Reached XP level 2. HP: 12/18 MP: 5/5
   283 | D:1      | Learned a level 1 spell: Foxfire
   329 | D:1      | XOM: divination: detect items
   617 | D:1      | XOM: silly message
   872 | D:2      | Reached skill level 2 in Spellcasting
   872 | D:2      | Reached skill level 1 in Conjurations
   872 | D:2      | Reached skill level 1 in Fire Magic
   872 | D:2      | Reached XP level 3. HP: 22/22 MP: 1/8
  1350 | D:2      | Learned a level 1 spell: Magic Dart
  1354 | D:2      | Learned a level 3 spell: Mephitic Cloud
  1488 | D:2      | XOM: god gift: forked silver wand {god gift}
  1548 | D:2      | XOM: silly message
  1619 | D:2      | Reached XP level 4. HP: 27/27 MP: 6/10
  1958 | D:3      | XOM: confuse monster(s)
  1979 | D:3      | XOM: enchant monster (bad)
  1992 | D:3      | Reached skill level 3 in Spellcasting
  1996 | D:3      | XOM: cloud trail
  2331 | D:3      | Noticed a +0 hand axe
  2331 | D:3      | Noticed a +0 hand axe
  2333 | D:3      | Found a hide-covered altar of Uskayaw.
  2460 | D:3      | Found a white marble altar of Elyvilon.
  2637 | D:3      | Found a basalt altar of Yredelemnul.
  3118 | D:4      | Identified the "Udepull"
  3118 | D:4      | XOM: noise
  3356 | D:4      | XOM: noise
  3576 | D:4      | XOM: god gift: 17 gold pieces
  3598 | D:4      | Reached XP level 5. HP: 31/31 MP: 5/12
  3611 | D:4      | XOM: silly message
  3627 | D:4      | Killed from afar by an orc priest

Illustrated notes

Levels and vault maps discovered:
D:1:      grunt_arrival_crossed_arrows, layout_loops_cross, chequers_arboretum,
          minmay_liquid_box
D:2:      layout_loops_cross
D:3:      layout_basic, dancing_weapons_uskayaw, elyvilon_altar_1,
          lemuel_zombie_altar_yredelemnul, serial_forest,
          infiniplex_forest_clump_tiny, infiniplex_forest_clump_medium,
          infiniplex_forest_straight_2, infiniplex_forest_fountain,
          infiniplex_forest_fountain, infiniplex_forest_lined_1,
          infiniplex_forest_end_double, minmay_misc_feat_tower,
          minmay_fractal_squares_5
D:4:      layout_basic, nzn_overflow_gifts_of_might_and_magic,
          minmay_temple_entry_purple_smoke, minivault_26

Skill      XL: |  1  2  3  4 |
---------------+-------------+-----
Spellcasting   | 1 2 3 |  3.8
Conjurations   | 1 2 |  2.7
Fire Magic     | 1 2 |  2.6
Fighting       | |  2.6
Polearms       | |  2.1
Armour         | |  0.7
Dodging        | |  2.8

Action                     |  1- 3 |  4- 6 || total
---------------------------+-------+-------++-------
  Melee: Spear             |    64 |       ||    64
         Punch             |     1 |       ||     1
         Staff             |    12 |    40 ||    52
         Whip              |     2 |       ||     2
  Throw: Dart              |       |     2 ||     2
   Cast: Foxfire           |    26 |    58 ||    84
         Magic Dart        |     5 |    26 ||    31
  Evoke: Wand              |       |     3 ||     3
    Use: Scroll            |     3 |     5 ||     8
         Potion            |       |     2 ||     2
   Stab: Paralysed         |       |     2 ||     2
 Armour: Leather armour    |    37 |    40 ||    77
  Dodge: Dodged            |    69 |    59 ||   128

Table legend: (Time is in decaauts)
 A = Elapsed time spent in this place.
 B = Non-inter-level travel time spent in this place.
 C = Inter-level travel time spent in this place.
 D = Time resting spent in this place.
 E = Time spent auto-exploring this place.
 F = Levels seen in this place.
 G = Mean time per level.
                   A        B        C        D        E       F      G
               +--------+--------+--------+--------+--------+-----+--------+
         Total |   3630 |   3524 |    106 |    100 |   2740 |   4 |  907.5 |
       Dungeon |   3630 |   3524 |    106 |    100 |   2740 |   4 |  907.5 |
               +--------+--------+--------+--------+--------+-----+--------+

Top non-repeatable levels by time:
     D:3: 1294 daAuts
     D:2: 979 daAuts
     D:1: 847 daAuts
     D:4: 509 daAuts
